 Dungeon Crawl Stone Soup version 0.29.0-7-g18a832c13a (webtiles) character file.

Game seed: 507896047719077081

800 Leibowitz the Cutter (level 8, -3/48 HPs)
             Began as a Kobold Fighter on Aug 30, 2022.
             Was an Initiate of Okawaru.
             Slain by a gnoll
             ... wielding a +0 flail
              (8 damage)
             ... on level 4 of the Dungeon.
             The game lasted 00:09:33 (4283 turns).

Leibowitz the Cutter (Kobold Fighter)               Turns: 4283, Time: 00:09:33

Health: -3/48      AC:  4    Str: 13    XL:     8   Next: 13%
Magic:  8/8        EV:  7    Int:  8    God:    Okawaru [......]
Gold:   272        SH:  0    Dex: 16    Spells: 7/7 levels left

rFire   . . .      SeeInvis .   a - +1 rapier (vorpal)
rCold   . . .      Faith    .   c - +0 buckler
rNeg    . . .      Spirit   .   d - +0 leather armour
rPois   .          Reflect  .   m - +0 helmet
rElec   .          Harm     .   (no cloak)
rCorr   .          Rampage  .   (no gloves)
Will    ++...                   (no boots)
Stlth   ++++......              (no amulet)
HPRegen 0.16/turn               f - ring of willpower
MPRegen 0.11/turn               (no ring)

@: lethally poisoned (-3 -> -29), held
A: small, no large weapons, nightstalker 3, dopey 1, strong-willed 1, wild magic
1
a: Renounce Religion


You were on level 4 of the Dungeon.
You worshipped Okawaru.
Okawaru was noncommittal.
You visited 1 branch of the dungeon, and saw 6 of its levels.

You collected 272 gold pieces.

Inventory:

Hand Weapons
 a - a +1 vorpal rapier (weapon)
Missiles
 k - a curare-tipped dart
 l - 10 poisoned darts (quivered)
 n - 2 throwing nets
Armour
 c - a +0 buckler (worn)
 d - a +0 leather armour (worn)
 m - a +0 helmet (worn)
Jewellery
 f - a ring of willpower (left hand)
Scrolls
 e - a scroll of identify
 j - a scroll of poison
 o - a scroll of fear
Potions
 b - a potion of heal wounds
 g - a potion of cancellation
 h - 2 potions of magic
 p - a potion of curing


   Skills:
 * Level 4.7 Fighting
 * Level 6.5 Short Blades
 + Level 0.1 Throwing
 + Level 3.3 Armour
 * Level 3.4 Dodging
 * Level 5.1 Stealth
 * Level 3.4 Shields


You had 7 spell levels left.
You didn't know any spells.
Your spell library contained the following spells:

 Spells                   Type           Power      Damage    Failure   Level
 Static Discharge         Conj/Air       0%         3-3/arc   83%         2
 Dispel Undead            Necr           0%         3d6       100%        4
 Sticky Flame             Conj/Fire      0%         2d3       100%        4


Dungeon Overview and Level Annotations

Branches:
Dungeon (6/15)
 Temple: D:4-7

Altars:
Okawaru
Sif Muna
Yredelemnul
The Shining One

Annotations:
D:4 1 transporter, RichitheSlayer's ghost, amateur FoFi


Innate Abilities, Weirdness & Mutations

You are small and have problems with some larger weapons.
You are completely attuned to the shadows.
You are dopey. (Int -2)
You are strong-willed. (Will+)
Your spells are a little harder to cast, but a little more powerful.


Message History

You hit the gnoll.
The gnoll is moderately wounded.
You block the gnoll's attack.
A gnoll comes into view. It is wielding a +0 flail.
The gnoll shouts!
You hit the gnoll but do no damage.
The gnoll is moderately wounded.
You hear a shout!
You block the gnoll's attack.
You hit the gnoll.
The gnoll is almost dead.
The gnoll zaps a wand.
The puff of flame misses you. The gnoll hits you with a +0 club.
You block the gnoll's attack. The gnoll barely misses you.
You block the gnoll's attack. The gnoll closely misses you.
The gnoll hits you with a +2 halberd of venom!
You are poisoned.
You feel very sick.
The gnoll throws a throwing net.
The throwing net hits you.
You become entangled in the net!
You see here a throwing net.
Unknown command.
As you read the scroll labelled GOHAOM FEICOQ, it crumbles to dust.
The creatures around you are filled with an inner flame!
It was a scroll of immolation.
You feel very sick.
The gnoll bouda barks out a call to the hunt!
The gnoll picks up the pace!
The gnoll hits you from afar with a +2 halberd of venom!
* * * LOW HITPOINT WARNING * * *
You are more poisoned.
The gnoll shouts!
Really read the scroll of poison?
The air fills with toxic fumes!
As you read the scroll of poison, it crumbles to dust.
* * * LOW HITPOINT WARNING * * *
You feel extremely sick. The gnoll hits you with a +0 flail!
You die...

#.......)..............#..#
#.≈≈≈≈≈≈≈≈~≈≈≈≈≈≈≈≈.##.#.##
#.≈≈≈≈≈≈≈≈~≈≈≈≈≈≈≈≈.##.#.#.
#.≈≈####.....####≈≈.##.#...
#.≈≈#..#8###8#..#≈≈....#..#
#.≈≈##.###§###,##≈≈.#....##
#.≈≈#....§§§.,,.#≈≈.#.....#
#.≈≈###.##g##.###≈≈...#....
#.≈≈..#g#§@§#.#..≈≈.##...#.
#.≈≈.##§g§§§§§##.≈≈.###..##
#.≈≈.#§g#§g§#§§#.≈≈.......#
#.≈≈.##.##§##.##.≈≈.#......
#.≈≈..#.#g§§#.#............
#.~~.©#.'.©.'.#©...........
##.≈≈..#.#8⌠8#.#...........#
#..≈≈.##.#####.##.≈≈..[....#
#..≈≈.#..#.,$#..#.≈≈.#..)..#


You could see a gnoll bouda (inner flame) and 5 gnolls.

Vanquished Creatures
  A black bear (D:4)
  An ogre (D:4)
  A phantom (D:4)
  A kobold brigand (D:4)
  A bullfrog (D:6)
  A scorpion (D:4)
  4 hounds
  2 orc priests (D:4)
  Terence (D:2)
  7 adders
  A shadow imp (D:6)
  2 ufetubi
  A dart slug (D:2)
  5 orcs
  4 bats
  7 endoplasms
  2 giant cockroaches
  8 goblins
  8 hobgoblins
  7 jackals
  7 ball pythons
  A frilled lizard (D:1)
  9 kobolds
  4 rats
86 creatures vanquished.

Vanquished Creatures (others)
  11 fungi (D:2)
  6 plants (D:4)
17 creatures vanquished.

Grand Total: 103 creatures vanquished

Notes
Turn   | Place    | Note
-------+----------+-------------------------------------------
     0 | D:1      | Leibowitz the Kobold Fighter began the quest for the Orb.
     0 | D:1      | Reached XP level 1. HP: 14/14 MP: 1/1
    79 | D:1      | Reached XP level 2. HP: 12/19 MP: 2/2
   263 | D:1      | Reached skill level 3 in Short Blades
   377 | D:1      | Reached skill level 1 in Stealth
   512 | D:1      | Reached XP level 3. HP: 19/23 MP: 3/3
  1252 | D:2      | Reached skill level 1 in Dodging
  1302 | D:2      | Reached XP level 4. HP: 26/28 MP: 4/4
  1332 | D:2      | Noticed Terence
  1377 | D:2      | Killed Terence
  1535 | D:2      | Reached skill level 4 in Short Blades
  1897 | D:2      | Reached XP level 5. HP: 33/33 MP: 5/5
  2158 | D:3      | You fall into a shaft and drop 3 floors!
  2160 | D:6      | Noticed a phantom
  2168 | D:6      | Noticed a bullfrog
  2177 | D:6      | Killed a bullfrog
  2368 | D:6      | Reached XP level 6. HP: 38/38 MP: 6/6
  2415 | D:5      | Entered Level 5 of the Dungeon
  2549 | D:4      | Gained mutation: Your spells are a little harder to cast,
                  | but a little more powerful. [potion of mutation]
  2549 | D:4      | Gained mutation: You are dopey. (Int -2) [potion of
                  | mutation]
  2549 | D:4      | Gained mutation: You are strong-willed. (Will+) [potion of
                  | mutation]
  2681 | D:4      | Reached skill level 5 in Short Blades
  2968 | D:4      | Reached XP level 7. HP: 43/43 MP: 7/7
  3420 | D:4      | Found a shimmering blue altar of Sif Muna.
  3420 | D:4      | Found an iron altar of Okawaru.
  3420 | D:4      | Found a basalt altar of Yredelemnul.
  3426 | D:4      | Became a worshipper of Warmaster Okawaru
  3587 | D:4      | Found a transporter.
  3636 | D:4      | Reached skill level 6 in Short Blades
  3676 | D:4      | Reached skill level 5 in Stealth
  3676 | D:4      | Reached XP level 8. HP: 8/48 MP: 8/8
  4137 | D:4      | Found a glowing golden altar of the Shining One.
  4192 | D:4      | Found a transporter.
  4214 | D:4      | Noticed RichitheSlayer's ghost (amateur FoFi)
  4283 | D:4      | Slain by a gnoll

Illustrated notes

Levels and vault maps discovered:
D:1:      dpeg_arrival_morbid_curiosity, layout_rooms
D:2:      layout_basic, minivault_23, dreamdust_mushroom_princess,
          kennysheep_nub, uniq_terence
D:3:      cheibrodos_fertilizer, layout_rooms, serial_shops, nicolae_shop_trees,
          chequers_ecumenical_altar_island, uniq_grinder
D:4:      layout_cave_pools, gammafunk_temple_overflow_claw, marbit_many_paths,
          gammafunk_ghost_gnarly_gnolls
D:5:      layout_rooms, nemelex_dance_club_becter, amcnicky_altar_gilded
D:6:      layout_loops_ring, mainiacjoe_overflow_six_doors_small,
          nicolae_overflow_crystal_walls, minmay_temple_entry_butterflies,
          hellmonk_bongcloud_opening, minmay_misc_feat_square

Skill      XL: |  1  2  3  4  5  6  7 |
---------------+----------------------+-----
Short Blades   | 3 4 5 6 |  6.5
Stealth        | 1 3 4 5 |  5.1
Dodging        | 1 2 3 |  3.4
Fighting       | 4 |  4.7
Shields        | 3 |  3.4
Armour         | 3 |  3.3
Throwing       | |  0.1

Action                   |  1- 3 |  4- 6 |  7- 9 || total
-------------------------+-------+-------+-------++-------
Melee: Rapier            |   126 |   102 |    85 ||   313
Throw: Dart              |       |     5 |       ||     5
  Use: Potion            |     1 |     7 |     1 ||     9
       Scroll            |       |     4 |     8 ||    12
 Stab: Sleeping          |     1 |     8 |     3 ||    12
Armor: Scale mail        |    52 |    27 |       ||    79
       Leather armour    |       |       |    17 ||    17
Dodge: Dodged            |    66 |    44 |    66 ||   176
Block: Buckler           |    36 |    29 |    31 ||    96
